APL (24 & UNDER)
MONTGOMERY GREY SOX @ SCOTTSDALE SCORPIONS
05/12/2029
 
TOP OF THE 1ST
Montgomery Grey Sox batting - Pitching for Scottsdale Scorpions : RHP Jesús Ramírez
Pitching: RHP Jesús Ramírez
Batting: LHB Salvador López 0-0: Foul Ball, location: 2F
0-1: Ball
1-1: Foul Ball, location: 2F
1-2: Foul Ball, location: 2F
1-2: Fly out, F9 (Flyball, 9S)
Batting: LHB Amlak Saitoti 0-0: Ball
1-0: Called Strike
1-1: Ball
2-1: SINGLE (Flyball, 89S)
Batting: RHB Pedro Castro 0-0: Ball
1-0: Called Strike
1-1: Called Strike
1-2: Strikes out looking
Batting: SHB Randy Anderson 0-0: Called Strike
0-1: Ball
1-1: Called Strike
1-2: Strikes out swinging
Top of the 1st over - 0 runs, 1 hit, 0 errors, 1 left on base; Montgomery 0 - Scottsdale 0
BOTTOM OF THE 1ST
Scottsdale Scorpions batting - Pitching for Montgomery Grey Sox : RHP Ramón Méndez
Pitching: RHP Ramón Méndez
Batting: LHB Ernesto Hernández 0-0: Ball
1-0: Called Strike
1-1: Ball
2-1: Ball
3-1: Called Strike
3-2: Strikes out looking
Batting: SHB Luis López 0-0: Called Strike
0-1: Swinging Strike
0-2: Ball
1-2: Strikes out swinging
Batting: LHB Shawn Brown 0-0: Ball
1-0: Ball
2-0: Ground out 6-3 (Groundball, 6)
Bottom of the 1st over - 0 runs, 0 hits, 0 errors, 0 left on base; Montgomery 0 - Scottsdale 0
TOP OF THE 2ND
Montgomery Grey Sox batting - Pitching for Scottsdale Scorpions : RHP Jesús Ramírez
Batting: RHB Glen MacDonald 0-0: Ball
1-0: Foul Ball, location: 2F
1-1: Called Strike
1-2: Ball
2-2: Foul Ball, location: 2F
2-2: Ground out 3-1 (Groundball, 34)
Batting: RHB Bobby Hulsey 0-0: Called Strike
0-1: Foul Ball, location: 2F
0-2: Ball
1-2: Strikes out swinging
Batting: LHB Francisco Romo 0-0: Ball
1-0: Ball
2-0: Called Strike
2-1: Ball
3-1: Base on Balls
Batting: RHB Luis Pineda 0-0: Ball
1-0: Fly out, F4 (Popup, 4)
Top of the 2nd over - 0 runs, 0 hits, 0 errors, 1 left on base; Montgomery 0 - Scottsdale 0
BOTTOM OF THE 2ND
Scottsdale Scorpions batting - Pitching for Montgomery Grey Sox : RHP Ramón Méndez
Batting: SHB Arnold Moore 0-0: Ball
1-0: Ground out 4-3 (Groundball, 4D)
Batting: LHB Pedro Díaz 0-0: Ball
1-0: Foul Ball, location: 2F
1-1: SOLO HOME RUN (Line Drive, 9D), Distance : 350 ft
Batting: RHB Steve Boyer 0-0: Ball
1-0: Swinging Strike
1-1: Ball
2-1: SINGLE (Groundball, 4MD)
Batting: LHB Manny Vigil 0-0: Ball
1-0: Fly out, F4 (Popup, 34)
Batting: SHB Juan Gonzáles 0-0: Ball
1-0: Ball
2-0: Ball
3-0: Base on Balls
Steve Boyer to second
Batting: RHB Bob Jones 0-0: Called Strike
0-1: Ball
1-1: SINGLE (Line Drive, 89M)
Steve Boyer to third
Juan Gonzáles to second
Runner from 3rd tries for Home, SAFE, throw made home
Batting: LHB Ernesto Hernández 0-0: Called Strike
0-1: SINGLE (Groundball, 6D)
Juan Gonzáles to third
Bob Jones to second
Runner from 3rd tries for Home, SAFE, throw made home
Batting: SHB Luis López 0-0: Ball
1-0: Called Strike
1-1: 3-RUN HOME RUN (Flyball, 89XD), Distance : 363 ft
Batting: LHB Shawn Brown 0-0: Ball
1-0: Ball
2-0: Ball
3-0: Called Strike
3-1: SINGLE (Line Drive, 7S)
Batting: SHB Arnold Moore 0-0: Called Strike
Shawn Brown steals 2nd base
0-1: SINGLE (Line Drive, 4D)
Shawn Brown to third
Runner from 3rd tries for Home, SAFE, no throw
Batting: LHB Pedro Díaz 0-0: Called Strike
0-1: Ball
1-1: Swinging Strike
1-2: DOUBLE (Line Drive, 9LM)
Arnold Moore to third
Batting: RHB Steve Boyer 0-0: Ball
1-0: SINGLE (Line Drive, 34D)
Arnold Moore scores
Pedro Díaz to third
Runner from 3rd tries for Home, SAFE, no throw
Pitching: LHP Jared Steele
Batting: LHB Manny Vigil 0-0: Called Strike
0-1: Ball
1-1: Fly out, F6 (Popup, 6)
Bottom of the 2nd over - 9 runs, 9 hits, 0 errors, 1 left on base; Montgomery 0 - Scottsdale 9
TOP OF THE 3RD
Montgomery Grey Sox batting - Pitching for Scottsdale Scorpions : RHP Jesús Ramírez
Batting: RHB António Nevárez 0-0: Called Strike
0-1: SINGLE (Line Drive, 9LS)
Batting: LHB Salvador López 0-0: Called Strike
0-1: Swinging Strike
0-2: Foul Ball, location: 2F
0-2: Strikes out swinging
Batting: LHB Amlak Saitoti 0-0: Ball
1-0: Ball
2-0: Ball
3-0: Base on Balls
António Nevárez to second
Batting: RHB Pedro Castro 0-0: Ball
1-0: Ball
2-0: Grounds into double play, 5-4-3 (Groundball, 56)
Top of the 3rd over - 0 runs, 1 hit, 0 errors, 1 left on base; Montgomery 0 - Scottsdale 9
BOTTOM OF THE 3RD
Scottsdale Scorpions batting - Pitching for Montgomery Grey Sox : LHP Jared Steele
Batting: SHB Juan Gonzáles 0-0: Called Strike
0-1: Ball
1-1: Ball
2-1: Foul Ball, location: 2F
2-2: Strikes out swinging
Batting: RHB Bob Jones 0-0: Foul Ball, location: 2F
0-1: Hit by Pitch
Batting: LHB Ernesto Hernández 0-0: Ball
1-0: Swinging Strike
1-1: Called Strike
1-2: Foul Ball, location: 2F
1-2: Ball
2-2: SINGLE (Line Drive, 4M)
Bob Jones to second
Batting: SHB Luis López 0-0: Called Strike
0-1: Ball
1-1: Called Strike
1-2: Foul Ball, location: 2F
1-2: Strikes out looking
Batting: LHB Shawn Brown 0-0: Ball
1-0: Ball
2-0: SINGLE (Groundball, 4MD)
Bob Jones to third
Ernesto Hernández to second
Runner from 3rd tries for Home, throw and OUT!
Bottom of the 3rd over - 0 runs, 2 hits, 0 errors, 2 left on base; Montgomery 0 - Scottsdale 9
TOP OF THE 4TH
Montgomery Grey Sox batting - Pitching for Scottsdale Scorpions : RHP Jesús Ramírez
Batting: SHB Randy Anderson 0-0: Called Strike
0-1: Ground out 5-3 (Groundball, 5)
Batting: RHB Glen MacDonald 0-0: Ball
1-0: Foul Ball, location: 2F
1-1: Foul Ball, location: 2F
1-2: Ball
2-2: Ball
3-2: Fly out, F8 (Flyball, 8RXD)
Batting: RHB Bobby Hulsey 0-0: Called Strike
0-1: Foul Ball, location: 2F
0-2: Ball
1-2: Strikes out swinging
Top of the 4th over - 0 runs, 0 hits, 0 errors, 0 left on base; Montgomery 0 - Scottsdale 9
BOTTOM OF THE 4TH
Scottsdale Scorpions batting - Pitching for Montgomery Grey Sox : LHP Jared Steele
Batting: SHB Arnold Moore 0-0: Called Strike
0-1: Ball
1-1: DOUBLE (Line Drive, 9D)
Batting: LHB Pedro Díaz 0-0: Called Strike
0-1: Swinging Strike
0-2: Fly out, F9 (Flyball, 9)
Batting: RHB Steve Boyer 0-0: Called Strike
0-1: Foul Ball, location: 2F
0-2: Ball
1-2: Foul Ball, location: 2F
1-2: SINGLE (Line Drive, 89S)
Arnold Moore to third
Batting: LHB Manny Vigil Pickoff Throw to First - Out!
0-0: Ball
1-0: SINGLE (Line Drive, 56D)
Arnold Moore scores
Batting: SHB Juan Gonzáles 0-0: Ball
1-0: Foul Ball, location: 2F
1-1: Ball
2-1: Ball
3-1: Foul Ball, location: 2F
3-2: Base on Balls
Manny Vigil to second
Batting: RHB Bob Jones 0-0: Ball
1-0: SINGLE (Groundball, 4MD)
Manny Vigil to third
Juan Gonzáles to second
Throwing error, E8
Manny Vigil scores
Juan Gonzáles to third
Bob Jones to second
Batting: LHB Ernesto Hernández 0-0: Ball
1-0: Ball
2-0: Ball
3-0: Called Strike
3-1: Base on Balls
Batting: SHB Luis López 0-0: Ball
1-0: Called Strike
1-1: Ball
2-1: Called Strike
2-2: Foul Ball, location: 2F
2-2: Fly out, F7 (Flyball, 78M)
Bottom of the 4th over - 2 runs, 4 hits, 1 error, 3 left on base; Montgomery 0 - Scottsdale 11
TOP OF THE 5TH
Montgomery Grey Sox batting - Pitching for Scottsdale Scorpions : RHP Jesús Ramírez
Batting: LHB Francisco Romo 0-0: Ball
1-0: Called Strike
1-1: Ball
2-1: DOUBLE (Groundball, 3L) - OUT at third base trying to stretch hit.
Batting: RHB Luis Pineda 0-0: Swinging Strike
0-1: Ball
1-1: Foul Ball, location: 2F
1-2: Fly out, F3 (Popup, 34)
Batting: RHB António Nevárez 0-0: Called Strike
0-1: Ball
1-1: Ball
2-1: Ball
3-1: Base on Balls
Batting: LHB Salvador López 0-0: Ball
1-0: Foul Ball, location: 2F
1-1: Called Strike
1-2: SINGLE (Flyball, 89M)
António Nevárez to second
Runner from 2nd tries for 3rd, SAFE, throw made to third
Batting: LHB Amlak Saitoti 0-0: Called Strike
0-1: Ball
1-1: SINGLE (Groundball, 4MD)
António Nevárez scores
Salvador López to second
Runner from 2nd tries for 3rd, SAFE, no throw
Batting: RHB Pedro Castro 0-0: Swinging Strike
0-1: Fly out, F8 (Flyball, 8LS)
Top of the 5th over - 1 run, 3 hits, 0 errors, 2 left on base; Montgomery 1 - Scottsdale 11
BOTTOM OF THE 5TH
Scottsdale Scorpions batting - Pitching for Montgomery Grey Sox : LHP Jared Steele
Batting: LHB Shawn Brown 0-0: Ball
1-0: Foul Ball, location: 2F
1-1: Called Strike
1-2: Strikes out swinging
Batting: SHB Arnold Moore 0-0: Called Strike
0-1: Ball
1-1: Ball
2-1: Called Strike
2-2: Ball
3-2: Base on Balls
Batting: LHB Pedro Díaz 0-0: Ball
1-0: Ball
2-0: Ball
3-0: Base on Balls
Arnold Moore to second
Batting: RHB Steve Boyer 0-0: Called Strike
0-1: Called Strike
0-2: Foul Ball, location: 2F
0-2: Hit by Pitch
Arnold Moore to third
Pedro Díaz to second
Batting: LHB Manny Vigil 0-0: Ball
1-0: Foul Ball, location: 2F
1-1: Called Strike
1-2: Ball
2-2: Strikes out looking
Batting: SHB Juan Gonzáles 0-0: Called Strike
0-1: Ball
1-1: Ball
2-1: Ball
3-1: Base on Balls
Arnold Moore scores
Pedro Díaz to third
Steve Boyer to second
Batting: RHB Bob Jones 0-0: Ball
Wild Pitch!
Pedro Díaz scores
Steve Boyer to third
Juan Gonzáles to second
1-0: Called Strike
1-1: Ball
2-1: DOUBLE (Line Drive, 78D)
Steve Boyer scores
Juan Gonzáles scores
Batting: LHB Ernesto Hernández 0-0: Fly out, F8 (Flyball, 89D)
Bottom of the 5th over - 4 runs, 1 hit, 0 errors, 1 left on base; Montgomery 1 - Scottsdale 15
TOP OF THE 6TH
Montgomery Grey Sox batting - Pitching for Scottsdale Scorpions : RHP Jesús Ramírez
Batting: SHB Randy Anderson 0-0: SINGLE (Line Drive, 56)
Batting: RHB Glen MacDonald 0-0: Called Strike
0-1: SINGLE (Line Drive, 8RS)
Randy Anderson to second
Batting: RHB Bobby Hulsey 0-0: Swinging Strike
0-1: Swinging Strike
0-2: Strikes out looking
Batting: LHB Francisco Romo 0-0: Ball
1-0: Ball
2-0: Called Strike
Randy Anderson steals 3rd base
2-1: Ball
3-1: Base on Balls
Glen MacDonald to second
Batting: RHB Luis Pineda 0-0: Ball
1-0: Fly out, F8 (Flyball, 8LS)
Runner from 3rd tags up, SCORES, no throw
Batting: RHB António Nevárez 0-0: Called Strike
0-1: Ball
1-1: Fly out, F8 (Line Drive, 8RM)
Top of the 6th over - 1 run, 2 hits, 0 errors, 2 left on base; Montgomery 2 - Scottsdale 15
BOTTOM OF THE 6TH
Scottsdale Scorpions batting - Pitching for Montgomery Grey Sox : LHP Jared Steele
Batting: SHB Luis López 0-0: Called Strike
0-1: Foul Ball, location: 2F
0-2: Foul Ball, location: 2F
0-2: Foul Ball, location: 2F
0-2: Ball
1-2: Ball
2-2: Ball
3-2: Reached on error, E4 (Popup, 4MD)
Pitching: LHP Pedro Santos
Batting: LHB Shawn Brown 0-0: Called Strike
0-1: Ball
1-1: Ball
2-1: Ball
3-1: Foul Ball, location: 2F
3-2: Base on Balls
Luis López to second
Batting: SHB Arnold Moore 0-0: Called Strike
0-1: Grounds into double play, 4-6-3 (Groundball, 4)
Luis López to third
Batting: LHB Pedro Díaz 0-0: Called Strike
0-1: Foul Ball, location: 2F
0-2: Foul Ball, location: 2F
0-2: Ground out 3-1 (Groundball, 34)
Bottom of the 6th over - 0 runs, 0 hits, 1 error, 1 left on base; Montgomery 2 - Scottsdale 15
TOP OF THE 7TH
Montgomery Grey Sox batting - Pitching for Scottsdale Scorpions : RHP Jesús Ramírez
Batting: LHB Salvador López 0-0: Ball
1-0: Called Strike
1-1: Ground out 4-3 (Groundball, 34D)
Batting: LHB Amlak Saitoti 0-0: Swinging Strike
0-1: Foul Ball, location: 2F
0-2: Ball
1-2: Ball
2-2: Foul Ball, location: 2F
2-2: Ball
3-2: Strikes out looking
Batting: RHB Pedro Castro 0-0: Ball
1-0: Called Strike
1-1: SINGLE (Groundball, 4S) (infield hit)
Pitching: RHP José Alvarado
Batting: SHB Randy Anderson 0-0: Ball
1-0: Ground out 6-3 (Groundball, 56)
Top of the 7th over - 0 runs, 1 hit, 0 errors, 1 left on base; Montgomery 2 - Scottsdale 15
BOTTOM OF THE 7TH
Scottsdale Scorpions batting - Pitching for Montgomery Grey Sox : LHP Pedro Santos
Batting: RHB Steve Boyer 0-0: Ground out 5-3 (Groundball, 56)
Batting: LHB Manny Vigil 0-0: Ball
1-0: Ball
2-0: Ball
3-0: Swinging Strike
3-1: Called Strike
3-2: Base on Balls
Batting: SHB Juan Gonzáles 0-0: Ball
1-0: Called Strike
1-1: 2-RUN HOME RUN (Flyball, 78XD), Distance : 370 ft
Batting: RHB Bob Jones 0-0: SINGLE (Line Drive, 8RS)
Batting: LHB Ernesto Hernández 0-0: Called Strike
0-1: Called Strike
0-2: Strikes out swinging
Batting: SHB Luis López 0-0: Called Strike
0-1: Ball
1-1: Foul Ball, location: 2F
1-2: Fly out, F8 (Flyball, 89D)
Bottom of the 7th over - 2 runs, 2 hits, 0 errors, 1 left on base; Montgomery 2 - Scottsdale 17
TOP OF THE 8TH
Montgomery Grey Sox batting - Pitching for Scottsdale Scorpions : RHP José Alvarado
Now at SS: Robinson Fernández
Batting: RHB Glen MacDonald 0-0: Called Strike
0-1: Called Strike
0-2: Ball
1-2: Ball
2-2: Ball
3-2: TRIPLE (Flyball, 9D)
Batting: RHB Bobby Hulsey 0-0: Foul Ball, location: 2F
0-1: Ball
1-1: Called Strike
1-2: Foul Ball, location: 2F
1-2: Foul Ball, location: 2F
1-2: Ball
2-2: Ball
3-2: Strikes out swinging
Batting: LHB Francisco Romo 0-0: DOUBLE (Line Drive, 89XD)
Glen MacDonald scores
Batting: RHB Luis Pineda 0-0: Ball
1-0: Ball
2-0: Foul Ball, location: 2F
2-1: Foul Ball, location: 2F
2-2: Hit by Pitch
Batting: RHB António Nevárez 0-0: Ball
1-0: Ball
2-0: Swinging Strike
2-1: SINGLE (Line Drive, 78M)
Francisco Romo to third
Luis Pineda to second
Batting: LHB Salvador López 0-0: Foul Ball, location: 2F
0-1: SINGLE (Line Drive, 34D)
Francisco Romo scores
Luis Pineda to third
António Nevárez to second
Batting: LHB Amlak Saitoti 0-0: Ball
1-0: Ball
2-0: Called Strike
2-1: SINGLE (Groundball, 4MS) (infield hit)
Luis Pineda scores
António Nevárez to third
Salvador López to second
Batting: RHB Pedro Castro 0-0: Swinging Strike
0-1: Foul Ball, location: 2F
0-2: Ball
1-2: Foul Ball, location: 2F
1-2: Grounds into double play, 5-4-3 (Groundball, 56)
Top of the 8th over - 3 runs, 5 hits, 0 errors, 2 left on base; Montgomery 5 - Scottsdale 17
BOTTOM OF THE 8TH
Scottsdale Scorpions batting - Pitching for Montgomery Grey Sox : LHP Pedro Santos
Pinch Hitting: LHB Clayton Bailey 0-0: Ball
1-0: Called Strike
1-1: Ball
2-1: Foul Ball, location: 2F
2-2: Foul Ball, location: 2F
2-2: SINGLE (Line Drive, 6MD)
Batting: SHB Arnold Moore 0-0: Ball
1-0: Grounds into double play, 5-4-3 (Groundball, 56)
Pinch Hitting: RHB Edgardo Gonzáles 0-0: Ball
1-0: Ball
2-0: Ground out 5-3 (Groundball, 5L)
Bottom of the 8th over - 0 runs, 1 hit, 0 errors, 0 left on base; Montgomery 5 - Scottsdale 17
TOP OF THE 9TH
Montgomery Grey Sox batting - Pitching for Scottsdale Scorpions : RHP José Alvarado
Now at 3B: Edgardo Gonzáles
Now in CF: Alan Evans
Batting: SHB Randy Anderson 0-0: Ball
1-0: SINGLE (Groundball, 34D)
Batting: RHB Glen MacDonald 0-0: Ball
1-0: Ball
2-0: Called Strike
2-1: Called Strike
2-2: Ball
3-2: Foul Ball, location: 2F
3-2: Foul Ball, location: 2F
3-2: Base on Balls
Randy Anderson to second
Pitching: RHP Sterling Caldwell
Batting: RHB Bobby Hulsey 0-0: Foul Ball, location: 2F
0-1: Swinging Strike
0-2: Ball
1-2: Strikes out swinging
Batting: LHB Francisco Romo 0-0: Called Strike
0-1: Foul Ball, location: 2F
0-2: Ball
1-2: Strikes out looking
Batting: RHB Luis Pineda 0-0: Called Strike
0-1: Fielders Choice at 2nd, U4 (Groundball, 4M)
Top of the 9th over - 0 runs, 1 hit, 0 errors, 2 left on base; Montgomery 5 - Scottsdale 17
Saturday, December 16th, 2017 - OOTP Baseball 18.8 Build 76